 Dungeon Crawl Stone Soup version 0.22-a0-247-gbddf880 (webtiles) character file.

8332 Amnesiac the Nimble (level 11, 0/71 HPs)
             Began as a Tengu Air Elementalist on Feb 23, 2018.
             Was a Believer of Sif Muna.
             Slain by an eight-headed hydra (6 damage)
             ... on level 10 of the Dungeon.
             The game lasted 00:31:06 (11387 turns).

Amnesiac the Nimble (Tengu Air Elementalist)       Turns: 11387, Time: 00:31:07

Health: 0/71       AC: 12    Str: 10    XL:     11   Next: 29%
Magic:  2/22       EV: 19    Int: 18    God:    Sif Muna [**....]
Gold:   630        SH:  5    Dex: 16    Spells: 1/24 levels left

rFire    . . .     SeeInvis .   n - staff of air
rCold    . . .     Gourm    .   e - +0 buckler
rNeg     + . .     Faith    +   Q - +0 steam dragon scales
rPois    .         Spirit   .   (helmet restricted)
rElec    +         Reflect  .   h - +0 cloak
rCorr    .         Harm     .   f - +1 pair of gloves
MR       .....                  (boots unavailable)
Stlth    ++........             I - amulet of faith
HPRegen  0.21/turn              l - ring of flight
MPRegen  0.18/turn              x - ring of positive energy

@: very slightly contaminated, starving, divine energy
A: beak, horns 1, talons 3, molten scales 1, thin metallic scales 1, strong 1,
able to fly 1
a: Fly, Stop Divine Energy, Renounce Religion, Evoke Flight


You were on level 10 of the Dungeon.
You worshipped Sif Muna.
Sif Muna was pleased with you.
You were starving.

You visited 2 branches of the dungeon, and saw 12 of its levels.
You also visited: Ossuary.

You collected 630 gold pieces.

Inventory:

Hand Weapons
 u - the +6 trident "Logu Buo" {holy, SInv}
   (You found it on level 5 of the Dungeon)

   It has been blessed by the Shining One to cause great damage to the undead
   and demons.
   It lets you see invisible.
 S - a +1 demon blade of flaming
Missiles
 g - 44 poisoned needles
 r - 6 needles of frenzy
 A - 6 needles of confusion
 D - 2 throwing nets (quivered)
Armour
 e - a +0 buckler (worn)
 f - a +1 pair of gloves (worn)
 h - a +0 cloak (worn)
 i - a +2 ring mail of fire resistance
 Q - +0 steam dragon scales (worn)
Magical Staves
 n - an uncursed staff of air (weapon)
 O - an uncursed staff of energy
Jewellery
 j - an uncursed amulet of harm
 l - a ring of flight (left hand)
 o - an uncursed ring of stealth
 x - a ring of positive energy (right hand)
 I - an amulet of faith (around neck)
Wands
 k - a wand of random effects (50)
 w - a wand of flame (15)
 K - a wand of polymorph (19)
Scrolls
 c - a scroll of immolation {!r, unknown}
 t - 4 scrolls of remove curse {!r}
 C - a scroll of enchant armour {!r}
 F - 6 scrolls of teleportation {!r}
 G - a scroll of magic mapping {!r, unknown}
 J - 2 scrolls of amnesia {!r}
 N - 3 scrolls of fog {!r, unknown}
 P - a scroll of silence {!r, unknown}
 T - a scroll of identify {!r}
Potions
 a - 6 potions of flight {!q}
 d - a potion of mutation {!q}
 m - 2 potions of brilliance {!q, unknown}
 q - 3 potions of lignification {!q, unknown}
 s - 5 potions of haste {!q}
 v - a potion of berserk rage {!q, unknown}
 z - a potion of ambrosia {!q, unknown}
 B - 5 potions of curing {!q}
 E - 3 potions of magic {!q, unknown}
 H - 3 potions of resistance {!q, unknown}
 L - a potion of might {!q}
 M - a potion of heal wounds {!q, unknown}
 R - a potion of invisibility {!q, unknown}
Comestibles
 b - 22 rations


   Skills:
 - Level 9.2 Fighting
 - Level 10.0 Dodging
 - Level 2.0 Stealth
 - Level 4.1 Shields
 * Level 7.2 Spellcasting
 + Level 7.3 Conjurations
 + Level 7.2 Air Magic
 + Level 1.3 Invocations


You had one spell level left.
You knew the following spells:

 Your Spells              Type           Power        Failure   Level  Hunger
a - Shock                 Conj/Air       ####         1%          1    None
b - Static Discharge      Conj/Air       #####...     1%          3    #......
c - Swiftness             Chrm/Air       ####....     3%          2    None
d - Airstrike             Air            #####.....   5%          4    ###....
e - Mephitic Cloud        Conj/Pois/Air  #####...     4%          3    #......
f - Lightning Bolt        Conj/Air       #####.....   14%         5    #####..
s - Conjure Flame         Conj/Fire      ###.....     7%          3    #......
v - Blink                 Tloc           N/A          16%         2    None


Dungeon Overview and Level Annotations

Branches:
Dungeon (11/15)            Temple (1/1) D:7            Lair (0/6) D:10
    Orc (0/2) D:10

Altars:
Ashenzari
Cheibriados
Dithmenos
Elyvilon
Fedhas
Gozag
Hepliaklqana
Kikubaaqudgha
Makhleb
Nemelex Xobeh
Okawaru
Qazlal
Ru
Sif Muna
Trog
Uskayaw
Vehumet
Wu Jian
Xom
Yredelemnul
Zin
The Shining One
Beogh

Shops:
D:4 =   D:10 :

Annotations:
D:8 1 runed door


Innate Abilities, Weirdness & Mutations

You have a beak for a mouth.
You have claws for feet.
You can fly.
You have a pair of small horns on your head.
You are partially covered in molten scales. (AC +2)
You are partially covered in thin metallic scales. (AC +2)
Your muscles are strong. (Str +2)


Message History

Okay, then.
A necrophage comes into view.
There is an open door here.
You float gracefully downwards.
Casting: Lightning Bolt (slightly dangerous; 14% risk of failure)
Confirm with . or Enter, or press ? or * to list all spells.
Aiming: Lightning Bolt (slightly dangerous; 14% risk of failure)
Press: ? - help, Shift-Dir - straight line You feel a surge of power!
You hear a mighty clap of thunder!
The bolt of lightning hits the eight-headed hydra.
The eight-headed hydra is lightly wounded.
The bolt of lightning hits the eight-headed hydra.
The eight-headed hydra is moderately wounded.
You are near starving!
You hear a shout! x2
Unknown command.
Casting: Lightning Bolt (slightly dangerous; 14% risk of failure)
Confirm with . or Enter, or press ? or * to list all spells.
Aiming: Lightning Bolt (slightly dangerous; 14% risk of failure)
Press: ? - help, Shift-Dir - straight line You feel a surge of power!
You miscast Lightning Bolt.
Sif Muna protects you from the effects of your miscast!
Unknown command.
Casting: Lightning Bolt (slightly dangerous; 14% risk of failure)
Confirm with . or Enter, or press ? or * to list all spells.
Aiming: Lightning Bolt (slightly dangerous; 14% risk of failure)
Press: ? - help, Shift-Dir - straight line You feel a surge of power!
You hear a mighty clap of thunder!
The bolt of lightning hits the eight-headed hydra.
The eight-headed hydra is severely wounded.
The bolt of lightning hits the eight-headed hydra.
The eight-headed hydra is almost dead.
You are starving!
Sif Muna grants you divine energy.
You briefly lose access to your magic!
Unknown command.
There is a stone staircase leading up here.
You regain access to your magic.
The eight-headed hydra misses you. The eight-headed hydra bites you!
* * * LOW HITPOINT WARNING * * *
The eight-headed hydra bites you but does no damage.
The eight-headed hydra closely misses you.
The eight-headed hydra misses you.
The eight-headed hydra closely misses you.
The eight-headed hydra bites you!
* * * LOW HITPOINT WARNING * * *
The eight-headed hydra bites you!
* * * LOW HITPOINT WARNING * * *
You climb upwards.
There is a stone staircase leading down here.
Okay, then.
Okay, then.
The eight-headed hydra bites you.
* * * LOW HITPOINT WARNING * * *
The eight-headed hydra misses you.
The eight-headed hydra barely misses you.
The eight-headed hydra bites you but does no damage.
You block the eight-headed hydra's attack.
The eight-headed hydra closely misses you.
You block the eight-headed hydra's attack.
The eight-headed hydra bites you.
You die...

#### ##### ### ###
.#.#########.#>####.# #####.#
#..#.#....###.##>##.#####..##)##
.##.#.#....##.#>@..##..###.#.#.#
(......#...#.#.D..#..#.##.###.##
.......#.................## ##.##
...................#......###.#..
..................###.........#.#
.................## ##.......#...
..................###............
.#..#..............#.............
#..###...........................


You could see an eight-headed hydra.

Vanquished Creatures
  2 two-headed ogres
  Pikel (D:7)
  An ugly thing (D:10)
  2 kobold demonologists (D:11)
  A troll (D:9)
  A hornet (D:10)
  A hippogriff (D:8)
  Eustachio (D:4)
  A steam dragon (D:9)
  Edmund (D:6)
  3 sky beasts
  2 slaves (D:7)
  A black bear (D:7)
  3 orc warriors
  2 ice beasts
  A necrophage (D:11)
  3 phantoms
  An ogre (D:5)
  3 centaurs (D:10)
  4 wolves (D:10)
  3 big kobolds
  4 bullfrogs
  2 water moccasin zombies
  A wyvern skeleton (D:8)
  A scorpion (D:7)
  6 killer bees (D:9)
  5 wights (D:6)
  A howler monkey (D:5)
  An electric eel (D:10)
  6 crimson imps
  A bullfrog zombie (D:10)
  A centaur zombie (D:6)
  A quasit (D:7)
  5 orc priests
  10 hounds
  A jelly (D:6)
  A centaur skeleton (D:7)
  Crazy Yiuf (D:5)
  Ijyb (D:5)
  4 iguanas
  6 orc wizards
  5 worker ants
  2 big kobold zombies (Ossuary)
  2 mummies (Ossuary)
  A howler monkey zombie (D:5)
  4 gnolls (D:7)
  7 adders
  2 shadow imps
  2 adder skeletons
  6 adder zombies
  4 worms
  2 leopard geckos
  27 orcs
  8 bats
  4 giant cockroaches
  10 goblins
  10 hobgoblins
  4 jackals (D:5)
  2 quokkas
  4 ball pythons
  4 frilled lizards
  2 gnoll zombies (Ossuary)
  7 hobgoblin zombies (Ossuary)
  A jackal zombie (D:6)
  13 kobolds
  11 kobold zombies (Ossuary)
  6 orc zombies (Ossuary)
  2 quokka zombies (D:8)
  9 rats
  A toadstool (D:1)
259 creatures vanquished.

Vanquished Creatures (others)
  A wolf (D:10)
  3 toadstools (D:1)
4 creatures vanquished.

Grand Total: 263 creatures vanquished

Notes
Turn   | Place    | Note
-------+----------+-------------------------------------------
     0 | D:1      | Amnesiac the Tengu Air Elementalist began the quest for the Orb.
     0 | D:1      | Reached XP level 1. HP: 10/10 MP: 4/4
   373 | D:1      | Reached XP level 2. HP: 15/15 MP: 0/6
   422 | D:1      | Learned a level 2 spell: Swiftness
  1090 | D:1      | Reached XP level 3. HP: 19/19 MP: 7/7
  1622 | D:2      | Reached skill level 1 in Fighting
  1646 | D:2      | Reached XP level 4. HP: 18/25 MP: 0/8
  1980 | D:2      | Found an iron altar of Okawaru.
  2251 | D:3      | Found a glowing silver altar of Zin.
  2251 | D:3      | Found a white marble altar of Elyvilon.
  2390 | D:3      | Found a sparkling altar of Nemelex Xobeh.
  2686 | D:3      | Found a burning altar of Makhleb.
  2687 | D:3      | Found a radiant altar of Vehumet.
  2697 | D:3      | Gained mutation: You can fly. [Tengu growth]
  2697 | D:3      | Reached XP level 5. HP: 30/30 MP: 1/11
  3000 | D:3      | Found an ornate altar of the Wu Jian Council.
  3169 | D:4      | Noticed a phantom
  3275 | D:4      | Killed a phantom
  3275 | D:4      | Reached XP level 6. HP: 13/35 MP: 0/13
  3463 | D:4      | Found a shattered altar of Ashenzari.
  3649 | D:4      | Found Jukhlurea's Jewellery Shoppe.
  3929 | D:4      | Learned a level 3 spell: Static Discharge
  3934 | D:4      | Learned a level 4 spell: Airstrike
  3947 | D:4      | Found a roughly hewn altar of Beogh.
  3960 | D:5      | Entered Level 5 of the Dungeon
  3974 | D:5      | Got a faintly glowing trident
  3981 | D:5      | Identified the +6 trident "Logu Buo" {holy, SInv} (You found it on level 5 of the Dungeon)
  4002 | D:5      | Gained mutation: You are partially covered in thin metallic scales. (AC +2) [potion of mutation]
  4002 | D:5      | Gained mutation: You have a pair of small horns on your head. [potion of mutation]
  4002 | D:5      | Gained mutation: Your muscles are strong. (Str +2) [potion of mutation]
  4002 | D:5      | Gained mutation: You are partially covered in molten scales. (AC +2) [potion of mutation]
  4013 | D:5      | Reached skill level 3 in Dodging
  4227 | D:5      | Reached XP level 7. HP: 36/41 MP: 7/14
  4749 | D:5      | Noticed Eustachio
  5087 | D:4      | Reached skill level 4 in Dodging
  5105 | D:4      | Killed Eustachio
  5269 | D:5      | Reached skill level 5 in Dodging
  5380 | D:5      | Reached XP level 8. HP: 44/48 MP: 15/15
  5608 | D:5      | Reached skill level 5 in Fighting
  5625 | D:5      | Noticed Ijyb
  5631 | D:5      | Killed Ijyb
  5738 | D:5      | Found a hazy altar of Hepliaklqana.
  5833 | D:5      | Found a runed door.
  5840 | D:5      | Noticed Crazy Yiuf
  5843 | D:5      | Killed Crazy Yiuf
  6008 | D:6      | Reached skill level 6 in Dodging
  6291 | D:6      | Reached skill level 7 in Dodging
  6537 | D:6      | Noticed Edmund
  6545 | D:6      | Killed Edmund
  6545 | D:6      | Reached XP level 9. HP: 51/56 MP: 16/16
  6800 | D:7      | Noticed Pikel
  6858 | D:7      | Killed Pikel
  6858 | D:7      | Reached skill level 8 in Dodging
  7220 | D:7      | Found a staircase to the Ecumenical Temple.
  7359 | Temple   | Entered the Ecumenical Temple
  7748 | D:8      | Reached skill level 9 in Dodging
  7762 | D:8      | Found a hide-covered altar of Uskayaw.
  7962 | D:8      | Reached XP level 10. HP: 46/65 MP: 0/17
  7998 | D:8      | Found a white marble altar of Elyvilon.
  7998 | D:8      | Found a runed door.
  7998 | D:8      | Noticed an angel
  8143 | D:8      | Found a sand-covered staircase.
  8161 | Ossuary  | Entered an ossuary
  8688 | D:8      | Reached skill level 10 in Dodging
  8792 | D:9      | Noticed a two-headed ogre
  9187 | D:9      | Reached skill level 1 in Shields
  9247 | D:9      | Found a deep blue altar of Sif Muna.
  9458 | D:9      | Became a worshipper of Sif Muna the Loreminder
  9880 | D:8      | Killed a two-headed ogre
  9880 | D:8      | Reached skill level 5 in Spellcasting
  9880 | D:8      | Reached skill level 5 in Conjurations
  9880 | D:8      | Reached skill level 5 in Air Magic
  9902 | D:10     | Entered Level 10 of the Dungeon
 10043 | D:10     | Found Couch's Book Shoppe.
 10147 | D:10     | Reached * piety under Sif Muna
 10478 | D:10     | Noticed a two-headed ogre
 10529 | D:10     | Killed a two-headed ogre
 10529 | D:10     | Reached XP level 11. HP: 33/71 MP: 0/22
 10646 | D:10     | Found a staircase to the Orcish Mines.
 10776 | D:10     | Found a staircase to the Lair.
 10916 | D:11     | Learned a level 3 spell: Mephitic Cloud
 10919 | D:11     | Learned a level 2 spell: Blink
 10923 | D:11     | Learned a level 3 spell: Conjure Flame
 10929 | D:11     | Learned a level 5 spell: Lightning Bolt
 10946 | D:11     | Noticed a green ugly thing
 11013 | D:10     | Killed a green ugly thing
 11013 | D:10     | Reached ** piety under Sif Muna
 11243 | D:11     | Reached skill level 1 in Invocations
 11328 | D:11     | Noticed an eight-headed hydra
 11387 | D:10     | Slain by an eight-headed hydra

Vault maps used:
D:1:      ldierk_water_garden
D:2:      kennysheep_okawaru_gauntlet, first_ration
D:3:      grunt_temple_overflow_lords_of_destruction, minitemple,
          lemuel_doored_altar, nemelex_xobeh_ov_fountains_minmay
D:4:      ashenzari_conservatory_becter, serial_shops, shop,
          kennysheep_orc_chapel
D:5:      overflow_temple_1_default, grunt_ministairs_8, uniq_ijyb,
          uniq_crazy_yiuf_cottage, uniq_eustachio
D:6:      uniq_edmund
D:7:      minmay_temple_entry_fiery, uniq_pikel
D:8:      eat_drink_and_be_merry_uskayaw, enter_ossuary_4, lemuel_angel_altar
D:9:      kennysheep_mini_moat
D:10:     erik_lair_island, orc_0_dummy, serial_shops, shop,
          hangedman_glass_teeth
Temple:   minmay_temple_curvy_loop
Ossuary:  ossuary_tomb_2

Skill      XL: |  1  2  3  4  5  6  7  8  9 10 11 |
---------------+----------------------------------+-----
Conjurations   | 2 3 4 6 7 |  7.3
Fighting       | 1 3 4 6 8 9 |  9.2
Spellcasting   | 3 4 6 7 |  7.2
Dodging        | 3 5 7 9 10 | 10.0
Shields        | 4 |  4.1
Air Magic      | 6 7 |  7.2
Invocations    | 1 |  1.3
Stealth        | |  2.0

Action                   |  1- 3 |  4- 6 |  7- 9 | 10-12 || total
-------------------------+-------+-------+-------+-------++-------
Melee: Unarmed           |     5 |       |       |       ||     5
       Dagger            |    38 |     9 |       |    10 ||    57
       Kick              |     8 |     4 |    44 |    33 ||    89
       Peck              |     6 |     4 |    26 |    21 ||    57
       Trident           |       |    25 |   265 |   100 ||   390
       Headbutt          |       |       |    36 |    21 ||    57
       Demon blade       |       |       |       |    61 ||    61
       Staff             |       |       |       |     6 ||     6
 Cast: Shock             |    55 |    92 |    19 |     9 ||   175
       Airstrike         |       |       |     2 |    32 ||    34
       Static Discharge  |       |       |       |    19 ||    19
       Swiftness         |       |       |       |     2 ||     2
       Conjure Flame     |       |       |       |     3 ||     3
       Lightning Bolt    |       |       |       |     3 ||     3
Invok: Divine Energy     |       |       |       |     1 ||     1
 Abil: Evoke Flight      |     1 |     2 |    15 |    17 ||    35
       Fly               |       |       |     2 |     3 ||     5
       Stop Flying       |       |       |     1 |       ||     1
  Use: Potion            |     2 |     3 |     2 |     3 ||    10
       Scroll            |       |       |     7 |     1 ||     8
 Stab: Sleeping          |     2 |     2 |     9 |     5 ||    18
  Eat: Chunk             |     3 |    18 |     7 |    13 ||    41
       Ration            |       |       |       |     2 ||     2
Armor: Robe              |     4 |       |       |       ||     4
       Ring mail         |    29 |    32 |    92 |    14 ||   167
       Steam dragon scal |       |       |       |    54 ||    54
Dodge: Dodged            |    28 |    29 |   206 |   246 ||   509
Block: Buckler           |       |       |       |    45 ||    45
       Rpst.: Demon blade |       |       |       |    21 ||    21

Table legend:
 A = Spawn XP
 B = Non-spawn XP
 C = Spawn XP percentage of total XP
 D = Spawn monster count
 E = Non-spawn monster count
 F = Spawn count percentage of total count
 G = Total turns spent on level
                    A         B        C        D         E        F      G
               +---------+---------+-------+---------+---------+-------+---------
         Total |       0 |   11903 |   0.0 |       0 |     257 |   0.0 | 11387
               +---------+---------+-------+---------+---------+-------+---------
           D:1 |       0 |      34 |   0.0 |       0 |      21 |   0.0 |  1374
           D:2 |       0 |      74 |   0.0 |       0 |      28 |   0.0 |   812
           D:3 |       0 |      97 |   0.0 |       0 |      13 |   0.0 |  1067
           D:4 |       0 |     526 |   0.0 |       0 |       8 |   0.0 |  1593
           D:5 |       0 |     889 |   0.0 |       0 |      36 |   0.0 |  1101
           D:6 |       0 |     772 |   0.0 |       0 |      16 |   0.0 |   718
           D:7 |       0 |    1404 |   0.0 |       0 |      22 |   0.0 |   843
           D:8 |       0 |    2012 |   0.0 |       0 |      24 |   0.0 |   904
           D:9 |       0 |     987 |   0.0 |       0 |      10 |   0.0 |  1037
          D:10 |       0 |    3599 |   0.0 |       0 |      31 |   0.0 |   970
          D:11 |       0 |    1293 |   0.0 |       0 |      13 |   0.0 |   440
       Ossuary |       0 |     216 |   0.0 |       0 |      35 |   0.0 |   316
               +---------+---------+-------+---------+---------+-------+---------
